cohdb
Replays
Latest Replays
All Replays
Popular Replays
Top Player Replays
Match Explorer
How It Works
Community
CoH3 Stats
Reddit
Sign in to upload your games and track your stats! →
Sign in with Steam
Match 39271568
Unlisted
Match 39271568
Overview
Messages
Build Orders
End
Engineer Squad
Selects Airborne Battlegroup
Selects Heavy Machine Gun Paradrop
Heavy Machine Gun Paradrop
Construct Medical Station
Engineer Squad
Heavy Machine Gun Paradrop
Construct Barracks
Selects Paratrooper Squad Paradrop
M1 Mortar Team
M1 Mortar Team
1⁄4-ton 4x4 Truck
Paratrooper Squad Paradrop
Paratrooper Squad Paradrop
The Captain
Boon: Kiwi
AFKue
rare metal
daniel0482
Bighazelnut
0
0
Comments
sign in to comment!
No comments posted yet!